cohdb
Replays
Latest Replays
All Replays
Popular Replays
Top Player Replays
Match Explorer
How It Works
Community
CoH3 Stats
Reddit
Sign in to upload your games and track your stats! →
Sign in with Steam
Match 47114826
Unlisted
Match 47114826
Overview
Messages
Build Orders
End
Construct Weapon Support Center
Selects Airborne Battlegroup
Selects Heavy Machine Gun Paradrop
Heavy Machine Gun Paradrop
Bazooka Squad
Heavy Machine Gun Paradrop
Selects Smoke Bombing Run
Air Support Center
Selects Paratrooper Squad Paradrop
Paratrooper Squad Paradrop
Grasshopper Recon Run
Double Sortie
P-47 Dive Bomb
Paratrooper Squad Paradrop
Grasshopper Recon Run
P-47 Strafing Run
Air Supply
Grasshopper Recon Run
P-47 Dive Bomb
M3 Armored Personnel Carrier
P-47 Strafing Run
P-47 Strafing Run
Construct Tank Depot
P-47 Dive Bomb
P-47 Strafing Run
Selects Supply Drop
Grasshopper Recon Run
Company of Heroes 3
Oncle-Hô
Geekdeservice
HsT:aZ
Breaking Bread
Snort_lines_fuck_dimes
GovernorMilitantPaulus
ionwood
0
0
Comments
sign in to comment!
No comments posted yet!